[Event "26th Triest Festival 2024"]
[Site "Triest"]
[Date "2024.09.03"]
[Round "5.12"]
[White "Candian, Lorenzo"]
[Black "Citak, Selim"]
[Result "1-0"]
[Annotator "TA"]
[ECO "C00"]
[WhiteElo "2164"]
[BlackElo "2416"]
[PlyCount "87"]
[EventDate "2024.09.02"]
[EventType "swiss"]
[EventCountry "ITA"]
[SourceTitle "playchess.com"]
[Source "ChessBase"]
[SourceQuality "1"]
[TimeControl "5400+30"]

1. e4 c5 2. Nf3 e6 3. g3 Nc6 4. Bg2 Nf6 5. d3 d5 6. Qe2 Be7 7. O-O O-O 8. e5 Nd7 9. c4 a6 10. h4 b5 11. Na3 bxc4 {[%emt 0:09:00] Black is slightly better.} 12. dxc4 d4 13. Ng5 Bb7 (13... Ndxe5 14. Bf4 $11) 14. f4 Rb8 15. Be4 Bxg5 (15... h6 $15 16. Bh7+ Kh8) 16. hxg5 $11 g6 17. Rf2 (17. Nb1 {with more complications.} h5 18. gxh6 Kh7 19. b3) 17... Nb4 (17... Qb6 $11 {is more appropriate.}) 18. Bxb7 $14 Rxb7 19. Rh2 Re8 20. Nb1 Qa8 21. Nd2 ({White should try} 21. Qf1 $1 $14) 21... Rbb8 (21... d3 $6 22. Qf3 $16) (21... Nc2 $1 $11 22. Rb1 Rb6) 22. Ne4 d3 23. Qf3 {[%emt 0:00:06] Black must now prevent Bd2.} Nc2 {[%emt 0:02:07] [#]} 24. Qh1 $1 h5 (24... Kf8 $11 25. Rxh7 Nxa1) (24... Nxa1 25. Rxh7) 25. Rb1 (25. g4 $1 $14 Kg7 (25... Nxa1 $2 26. gxh5 Nf8 27. hxg6 $18) 26. gxh5 gxh5 27. Rb1) 25... Nd4 $2 {[%emt 0:00:40] Black is on the road to losing.} (25... Na3 $11 {and Black stays safe.} 26. g4 Kg7 (26... Nxb1 27. gxh5 Kf8 28. hxg6 $11) 27. gxh5 gxh5 (27... Nxb1 $2 28. hxg6 Kf8 29. gxf7 $18)) 26. g4 Ne2+ (26... Kg7 {keeps fighting.}) 27. Kf2 $18 Nxc1 $2 (27... Kg7 28. gxh5 gxh5) 28. gxh5 gxh5 (28... Kf8 $142 29. hxg6 (29. Rxc1 Rxb2+ 30. Ke3 Rxh2 $18) 29... d2) 29. Rxh5 ({Weaker is} 29. Rxc1 Rxb2+ 30. Ke3 Rxh2 31. Qxh2 Kg7 $14) 29... Kf8 30. Rh7 {[%emt 0:00:28] Threatening mate with g6.} Ke7 {[%emt 0:04:10] [#]} 31. Rxf7+ $3 Kd8 32. Rxc1 Rxb2+ 33. Ke3 Nb6 34. g6 Qc6 35. Rc3 Re2+ 36. Kxd3 Rxa2 37. Ke3 Ra3 38. Qh4+ {[%emt 0:00:53] White mates.} Kc8 39. Nd6+ Qxd6 40. exd6 Rxc3+ 41. Kd2 Rxc4 42. g7 Rd4+ 43. Ke1 Nd7 44. Qh8 {[%emt 0:00:24] Weighted Error Value: White=0.16 (very precise) /Black=0.69.  Loses game:     	---       	Black=1      Mistake:       	White=3     	Black=7      Inaccurate:     	White=5     	Black=2      OK:         	White=4     	Black=4      Best:        	White=2     	Black=3} 1-0